AoeStats
← THE1andoNLY3712

Arena

509580091Analyzed
1v1 RM · 5d ago on Sep 27, 2026· 27m 7s· 2 players
Game mode
Random Map
Map size
Tiny (2 player)
Population
200
Speed
Normal
Resources
Standard
Victory
Conquest
Starting age
Dark Age
Ending age
Imperial Age
RankedLock teamsTeams togetherTeam positionsShared explorationLock speedFull tech treeHidden civsTurbo modeCheats
Victory
Defeat
🇮🇳 Turks · India
1284
+15
🇦🇺 Hindustanis · Australia
1273
-15
THE1andoNLY3712
10:41 Feudal Age
14:34 Castle Age
13:05 Double-Bit Axe
14:26 Loom
14:35 Fletching
16:43 Scale Mail Armor
17:21 Bow Saw
18:29 Arson
21:52 Forging
22:45 Squires
24:37 Chain Mail Armor
25:04 Horse Collar
26:06 Redemption
25:59 Gold Mining
grilledc803
11:09 Feudal Age
15:00 Castle Age
12:56 Horse Collar
13:30 Double-Bit Axe
16:07 Bow Saw
19:36 Bloodlines
20:20 Husbandry
20:36 Loom
20:38 Town Watch
21:32 Forging
25:27 Heavy Plow
25:21 Gold Mining
26:31 Wheelbarrow
26:08 Scale Barding Armor
28:00 Iron Casting
Connection lost

Rejoining the realm…

Still unreachable

The connection could not be restored.

Session expired

The server has moved on; the page needs a fresh start.